AoeStats
← My Baby Shot Me Down

African Clearing

510610303Analyzed
3v3 RM · 18h ago on Oct 1, 2026· 102m 35s· 6 players
Game mode
Random Map
Map size
Normal (6 player)
Population
200
Speed
Normal
Resources
Standard
Victory
Conquest
Starting age
Dark Age
Ending age
Imperial Age
RankedLock teamsTeams togetherTeam positionsShared explorationLock speedFull tech treeHidden civsTurbo modeCheats
Victory
Defeat
🇵🇪 Burgundians · Peru
1201
+15
🇺🇸 Khmer · United States
1191
+16
🇦🇷 Inca · Argentina
1175
+16
🇫🇷 Spanish · France
1191
-16
🇫🇷 Mongols · France
1183
-16
🇫🇷 Khitans · France
1167
-15
Velcott
7:28 Loom
13:06 Feudal Age
15:07 Double-Bit Axe
18:47 Castle Age
16:46 Champi Runner
17:41 Forging
17:35 Scale Mail Armor
17:39 Gold Mining
19:16 Forging
18:56 Champi Warrior
20:46 Iron Casting
20:37 Arson
23:43 Chain Mail Armor
26:23 Fletching
28:08 Squires
HoraceTBear
11:19 Wheelbarrow
11:27 Wheelbarrow
11:08 Double-Bit Axe
12:21 Loom
14:06 Feudal Age
17:34 Hand Cart
20:41 Castle Age
20:06 Bow Saw
23:35 Horse Collar
24:19 Heavy Plow
27:53 Gold Mining
29:21 Gold Shaft Mining
30:08 Scale Mail Armor
30:18 Forging
30:10 Squires
29:55 Arson
33:55 Imperial Age
31:00 Cavalier
32:00 Chain Mail Armor
31:55 Forging
32:42 Forging
32:24 Town Watch
33:33 Scale Barding Armor
34:10 Iron Casting
34:42 Chain Barding Armor
34:14 Arson
35:13 Plate Mail Armor
34:21 Paladin
36:07 Burgundian Vineyards
38:15 Conscription
38:51 Plate Barding Armor
40:40 Blast Furnace
41:46 Husbandry
45:11 Light Cavalry
48:41 Chemistry
49:49 Hussar
50:37 Padded Archer Armor
54:06 Pikeman
55:07 Halberdier
63:08 Fletching
63:39 Bombard Tower
63:41 Ballistics
66:56 Stone Mining
My Baby Shot Me Down
11:07 Loom
13:21 Feudal Age
17:34 Castle Age
16:30 Double-Bit Axe
23:52 Horse Collar
25:04 Heavy Plow
27:10 Wheelbarrow
28:59 Elite Skirmisher
29:42 Padded Archer Armor
29:33 Fletching
31:22 Leather Archer Armor
31:05 Bodkin Arrow
34:48 Bow Saw
34:31 Gold Mining
35:23 Leather Archer Armor
36:16 Ballistics
40:23 Imperial Age
43:12 Chemistry
42:14 Bracer
42:44 Ring Archer Armor
44:50 Ring Archer Armor
44:48 Hand Cart
44:19 Town Watch
45:53 Conscription
46:29 Stone Mining
47:14 Gold Shaft Mining
59:14 Siege Engineers
62:08 Pikeman
62:55 Scale Mail Armor
63:05 Forging
62:39 Halberdier
64:12 Chain Mail Armor
71:45 Hoardings
71:29 Masonry
73:07 Iron Casting
85:20 Stone Shaft Mining
101:26 Blast Furnace
Jelaf
6:17 Loom
13:44 Feudal Age
14:13 Town Watch
15:12 Double-Bit Axe
16:09 Forging
16:08 Scale Barding Armor
22:23 Wheelbarrow
26:11 Castle Age
24:11 Fletching
24:22 Padded Archer Armor
24:21 Domestication
26:40 Heavy Cavalry Archer
30:17 Bow Saw
29:58 Gold Mining
30:00 Stone Mining
30:12 Pastoralism
31:43 Husbandry
32:22 Bodkin Arrow
35:55 Leather Archer Armor
39:07 Imperial Age
37:46 Ballistics
37:07 Treadmill Crane
38:11 Thumb Ring
38:33 Hand Cart
39:27 Chain Barding Armor
40:36 Bracer
41:18 Parthian Tactics
40:31 Heavy Camel Rider
44:44 Iron Casting
53:41 Stone Shaft Mining
54:53 Plate Barding Armor
54:49 Ring Archer Armor
58:24 Conscription
63:31 Two-Man Saw
63:07 Transhumance
62:16 Light Cavalry
64:50 Elite Liao Dao
65:39 Hussar
70:29 Ring Archer Armor
70:04 Scale Mail Armor
73:05 Ring Archer Armor
72:44 Ordo Cavalry
72:34 Elite Skirmisher
75:19 Chain Mail Armor
76:16 Lamellar Armor
86:00 Ring Archer Armor
86:00 Plate Mail Armor
87:26 Chemistry
86:40 Masonry
86:36 Siege Engineers
87:56 Town Patrol
96:32 Squires
Marinheiro
5:33 Loom
15:04 Feudal Age
17:22 Wheelbarrow
17:21 Double-Bit Axe
19:50 Castle Age
19:05 Fletching
19:15 Padded Archer Armor
19:48 Gold Mining
27:16 Horse Collar
29:59 Bodkin Arrow
30:40 Bow Saw
35:08 Leather Archer Armor
41:11 Husbandry
41:22 Bloodlines
41:36 Heavy Plow
42:25 Wheelbarrow
45:46 Imperial Age
44:48 Gold Shaft Mining
44:03 Stone Mining
45:12 Forging
46:55 Ballistics
47:43 Chemistry
46:39 Murder Holes
47:40 Conscription
54:27 Bracer
55:04 Iron Casting
55:24 Elite Mangudai
58:39 Blast Furnace
57:44 Scale Barding Armor
65:34 Scale Mail Armor
66:32 Chain Mail Armor
66:01 Pikeman
66:42 Squires
68:32 Hoardings
88:58 Plate Mail Armor
90:49 Elite Skirmisher
michelmichel32
14:51 Feudal Age
19:29 Castle Age
17:52 Stone Mining
18:15 Loom
31:55 Wheelbarrow
37:54 Imperial Age
37:00 Scale Barding Armor
37:06 Forging
37:24 Bloodlines
37:33 Husbandry
38:56 Cavalier
40:46 Chain Barding Armor
54:05 Double-Bit Axe
54:12 Horse Collar
54:43 Pikeman
56:11 Iron Casting
55:39 Scale Mail Armor
56:09 Bow Saw
57:02 Halberdier
59:33 Chain Mail Armor
60:40 Heavy Plow
65:35 Blast Furnace
66:56 Plate Mail Armor
67:03 Plate Barding Armor
67:53 Man-at-Arms
68:40 Long Swordsman
69:56 Two-Handed Swordsman
71:12 Champion
74:05 Gambesons
87:47 Two-Man Saw
86:51 Light Cavalry
91:12 Hand Cart
Connection lost

Rejoining the realm…

Still unreachable

The connection could not be restored.

Session expired

The server has moved on; the page needs a fresh start.